 Dungeon Crawl Stone Soup version 0.29.1 (webtiles) character file.

Game seed: 17521664681491375509

38075 qw the Cleaver (level 14, -1/90 HPs)
             Began as a Gargoyle Fighter on Sept 13, 2022.
             Was a High Priest of Okawaru.
             Slain by an eight-headed hydra (5 damage)
             ... on level 5 of the Lair of Beasts.
             The game lasted 00:07:02 (15962 turns).

qw the Cleaver (Gargoyle Fighter)                  Turns: 15962, Time: 00:07:02

Health: -1/90      AC: 38    Str: 25    XL:     14   Next: 0%
Magic:  15/21      EV: 14    Int:  6    God:    Okawaru [*****.]
Gold:   1008       SH: 11    Dex:  9    Spells: 13/13 levels left

rFire   . . .      SeeInvis +   v - +0 morningstar
rCold   + . .      Faith    .   c - +0 buckler
rNeg    + + .      Spirit   .   A - +1 chain mail of Tenacity {Rampage Fly rElec rCorr}
rPois   inf        Reflect  +   h - +1 helmet
rElec   +          Harm     .   i - +0 cloak
rCorr   +          Rampage  +   u - +1 pair of gloves
Will    +....                   j - +1 pair of boots
Stlth   ..........              q - amulet of reflection
HPRegen 0.25/turn               f - ring "Bifajuch" {rC+ rN+ EV+4 Int-3 SInv}
MPRegen 0.17/turn               x - +4 ring of protection

@: heroic, finesse-ful, flying
A: sickness immunity, AC +10, big wings, negative energy resistance 1,
electricity resistance, torment resistance 1, petrification resistance
a: Renounce Religion, Heroism, Finesse, Duel


You were on level 5 of the Lair of Beasts.
You worshipped Okawaru.
Okawaru was extremely pleased with you.
You visited 3 branches of the dungeon, and saw 14 of its levels.
You also visited: Gauntlet.

You collected 1008 gold pieces.


Innate Abilities, Weirdness & Mutations

You are immune to sickness and miasma.
Your stone body is resilient. (AC +10)
You are immune to poison.
Your large and strong wings let you fly.
You resist negative energy. (rN+)
You are resistant to electric shocks. (rElec)
You are resistant to unholy torment.
You are immune to petrification.


   Skills:
 - Level 11.0(16.0) Fighting
 + Level 14.4(19.4) Axes
 - Level 5.7(10.7) Throwing
 - Level 10.1(15.1) Armour
 - Level 2.2(7.2) Dodging
 - Level 7.0(12.0) Shields
 - Level 10.0 Invocations


You had 13 spell levels left.
You didn't know any spells.
Your spell library was empty.

Inventory:

Hand Weapons
 v - a +0 morningstar (weapon)
 Y - a +2 war axe of electrocution
Missiles
 s - 2 boomerangs (quivered)
Armour
 c - a +0 buckler (worn)
 h - a +1 helmet (worn)
 i - a +0 cloak (worn)
 j - a +1 pair of boots (worn)
 n - a +0 plate armour
 u - a +1 pair of gloves (worn)
 A - the +1 chain mail of Tenacity (worn) {Rampage Fly rElec rCorr}
   (You found it on level 4 of the Lair of Beasts)

   rElec:     It insulates you from electricity.
   Fly:       It grants you flight.
   rCorr:     It protects you from acid and corrosion.
   Rampage:   It bestows one free step when moving towards enemies.
Jewellery
 f - the ring "Bifajuch" (left hand) {rC+ rN+ EV+4 Int-3 SInv}
   (You acquired it on level 4 of the Dungeon)

   [ring of evasion]

   EV:        It affects your evasion (+4).
   Int:       It affects your intelligence (-3).
   rC:        It protects you from cold.
   rN:        It protects you from negative energy.
   SInv:      It lets you see invisible.
 k - a ring of protection from fire
 q - an amulet of reflection (around neck)
 x - a +4 ring of protection (right hand)
Scrolls
 m - 3 scrolls of identify
Potions
 a - a potion of lignification
 d - 4 potions of might
 e - 2 potions of curing
 g - 3 potions of mutation
 l - a potion of magic
 p - a potion of attraction

Dungeon Overview and Level Annotations

Branches:
Dungeon (8/15)             Temple (1/1) D:6            Lair (5/5) D:8
  Swamp (0/4) Lair:3       Spider (0/4) Lair:3        Slime (0/5) Lair:4
Gauntlet (visited)

Altars:
Cheibriados
Dithmenos
Elyvilon
Fedhas
Gozag
Makhleb
Nemelex Xobeh
Okawaru
Qazlal
Ru
Vehumet
Wu Jian
Xom
Zin
The Shining One
Jiyva

Shops:
D:7 [

Annotations:
D:8 3 runed translucent doors, qw's ghost, novice GrDe


Message History

The eight-headed hydra attacks as you move away!
The eight-headed hydra bites you but does no damage.
The eight-headed hydra closely misses you.
The eight-headed hydra bites you but does no damage. x2
You block the eight-headed hydra's attack.
The eight-headed hydra bites you but does no damage.
You block the eight-headed hydra's attack.
The eight-headed hydra bites you but does no damage.
The snapping turtle bites you but does no damage.
15957 ||| Stepping ~*~*~tactically~*~*~ (outnumbered).
The snapping turtle bites you from afar!
You barely miss the eight-headed hydra. The snapping turtle closely misses you.
You block the eight-headed hydra's attack.
The eight-headed hydra bites you but does no damage.
The eight-headed hydra barely misses you.
The eight-headed hydra bites you but does no damage.
The eight-headed hydra bites you.
The eight-headed hydra bites you but does no damage. x2
You block the eight-headed hydra's attack.
You impale the eight-headed hydra!!
The eight-headed hydra is moderately wounded.
You puncture the eight-headed hydra!
The eight-headed hydra is heavily wounded.
The snapping turtle bites you from afar!
15961 ||| DRINKING potion of heal wounds.
You feel much better.
You feel like a meek peon again.
You block the eight-headed hydra's attack.
The eight-headed hydra bites you! The eight-headed hydra misses you.
The eight-headed hydra bites you!
The eight-headed hydra bites you but does no damage.
The eight-headed hydra bites you.
The eight-headed hydra barely misses you.
The eight-headed hydra bites you but does no damage.
The snapping turtle bites you from afar!
15962 ||| INVOKING Heroism.
You gain the combat prowess of a mighty hero.
The eight-headed hydra bites you.
You die...

...... #P.......#
P.....#...
#P...?....
.(.(......
.........
##......P.
#@(...## ##D....#
#.Yt..## #.....##
#....%.#
#.##...%.##...
#.............
...(.P...........
.................


You could see an eight-headed hydra, an elephant and a snapping turtle.

Vanquished Creatures
  A minotaur (Gauntlet)
  5 hydras
  2 two-headed ogres
  2 boulder beetles
  Urug (Lair:1)
  4 death yaks (Gauntlet)
  A sixfirhy (Gauntlet)
  A lindwurm (Lair:4)
  A necromancer (Gauntlet)
  An oklob plant (Lair:3)
  16 elephants
  A black mamba (Lair:5)
  2 cane toads
  2 rime drakes
  4 komodo dragons
  A hornet (Lair:5)
  3 polar bears
  2 wind drakes (Lair:5)
  A raiju (Gauntlet)
  19 blink frogs
  3 dream sheep (Lair:2)
  5 culicivoras (Lair:3)
  A shadow (D:7)
  4 wyverns
  2 basilisks (Lair:2)
  26 yaks
  7 steam dragons
  12 water moccasins
  2 ice beasts
  4 black bears
  2 orc warriors
  2 ogres
  5 sky beasts
  22 wolves
  3 phantoms
  4 kobold brigands
  11 bullfrogs
  3 scorpions
  A gnoll sergeant (D:7)
  A necrophage (D:5)
  11 wights
  3 electric eels (Lair:1)
  An orc priest (D:8)
  8 hounds
  2 jellies
  A gnoll bouda (Lair:2)
  5 iguanas
  Jessica (D:2)
  7 orc wizards
  4 hell rats (Lair:1)
  5 adders
  10 gnolls
  2 white imps
  4 ufetubi (Gauntlet)
  2 worms
  4 dart slugs
  10 orcs
  3 ball pythons
  7 endoplasms
  7 giant cockroaches
  4 goblins
  9 hobgoblins
  4 jackals (D:3)
  4 quokkas
  2 bats
  5 frilled lizards
  27 kobolds
  3 rats
  A butterfly (D:6)
346 creatures vanquished.

Vanquished Creatures (others)
  A scorpion (D:6)
  A kobold (D:6)
  17 fungi
  54 plants
73 creatures vanquished.

Grand Total: 419 creatures vanquished

Notes
Turn   | Place    | Note
-------+----------+-------------------------------------------
     0 | D:1      | qw the Gargoyle Fighter began the quest for the Orb.
     0 | D:1      | Reached XP level 1. HP: 14/14 MP: 1/1
     0 | D:1      | 0 ||| qw: Version: 0.1-a-119-g272c26d
     0 | D:1      | 0 ||| qw: Game counter: 11234
     0 | D:1      | 0 ||| qw: Always use a shield: true
     0 | D:1      | 0 ||| qw: God list: Okawaru
     0 | D:1      | 0 ||| qw: Allow faded altars: false
     0 | D:1      | 0 ||| qw: Do Orc after D:15 true
     0 | D:1      | 0 ||| qw: Do second Lair branch before Depths: true
     0 | D:1      | 0 ||| qw: Lair rune preference: random
     0 | D:1      | 0 ||| qw: Plans: Normal, Zot, God:TSO, Crypt, Tomb, Pan,
                  | Slime, Hells, Zig, Abyss, Orb
     0 | D:1      | 0 ||| PLANNING D:1-11
     6 | D:1      | Noticed a lindwurm
     6 | D:1      | Noticed a komodo dragon
     6 | D:1      | Noticed a black bear
     7 | D:1      | Noticed a wolf
     7 | D:1      | Noticed a scorpion
    33 | D:1      | 33 ||| Stepping ~*~*~tactically~*~*~ (hiding).
    36 | D:1      | 36 ||| Stepping ~*~*~tactically~*~*~ (hiding).
    44 | D:1      | Reached skill level 2 in Axes
   155 | D:1      | 155 ||| UPGRADING to ring of protection from fire.
   156 | D:1      | 156 ||| Stepping randomly (stuck).
   157 | D:1      | 157 ||| Stepping randomly (stuck).
   158 | D:1      | 158 ||| Stepping randomly (stuck).
   159 | D:1      | 159 ||| Stepping randomly (stuck).
   160 | D:1      | 160 ||| Stepping randomly (stuck).
   161 | D:1      | 161 ||| Stepping randomly (stuck).
   162 | D:1      | 162 ||| Stepping randomly (stuck).
   163 | D:1      | 163 ||| Stepping randomly (stuck).
   164 | D:1      | 164 ||| Stepping randomly (stuck).
   165 | D:1      | 165 ||| Stepping randomly (stuck).
   166 | D:1      | 166 ||| Stepping randomly (stuck).
   167 | D:1      | 167 ||| Stepping randomly (stuck).
   168 | D:1      | 168 ||| Stepping randomly (stuck).
   170 | D:1      | 170 ||| Stepping randomly (stuck).
   171 | D:1      | 171 ||| Stepping randomly (stuck).
   172 | D:1      | 172 ||| Stepping randomly (stuck).
   173 | D:1      | 173 ||| Stepping randomly (stuck).
   174 | D:1      | 174 ||| Stepping randomly (stuck).
   175 | D:1      | 175 ||| Stepping randomly (stuck).
   177 | D:1      | 177 ||| Stepping randomly (stuck).
   178 | D:1      | 178 ||| Stepping randomly (stuck).
   180 | D:1      | 180 ||| Stepping randomly (stuck).
   181 | D:1      | 181 ||| Stepping randomly (stuck).
   182 | D:1      | 182 ||| Stepping randomly (stuck).
   183 | D:1      | 183 ||| Stepping randomly (stuck).
   184 | D:1      | 184 ||| Stepping randomly (stuck).
   185 | D:1      | 185 ||| Stepping randomly (stuck).
   186 | D:1      | 186 ||| Stepping randomly (stuck).
   187 | D:1      | 187 ||| Stepping randomly (stuck).
   188 | D:1      | 188 ||| Stepping randomly (stuck).
   189 | D:1      | 189 ||| Stepping randomly (stuck).
   190 | D:1      | 190 ||| Stepping randomly (stuck).
   191 | D:1      | 191 ||| Stepping randomly (stuck).
   192 | D:1      | 192 ||| Stepping randomly (stuck).
   193 | D:1      | 193 ||| Stepping randomly (stuck).
   194 | D:1      | 194 ||| Stepping randomly (stuck).
   199 | D:1      | 199 ||| Stepping randomly (stuck).
   200 | D:1      | 200 ||| Stepping randomly (stuck).
   201 | D:1      | 201 ||| Stepping randomly (stuck).
   202 | D:1      | 202 ||| Stepping randomly (stuck).
   203 | D:1      | 203 ||| Stepping randomly (stuck).
   204 | D:1      | 204 ||| Stepping randomly (stuck).
   205 | D:1      | 205 ||| Stepping randomly (stuck).
   206 | D:1      | 206 ||| Stepping randomly (stuck).
   207 | D:1      | 207 ||| Stepping randomly (stuck).
   208 | D:1      | 208 ||| Stepping randomly (stuck).
   209 | D:1      | 209 ||| Stepping randomly (stuck).
   210 | D:1      | 210 ||| Stepping randomly (stuck).
   211 | D:1      | 211 ||| Stepping randomly (stuck).
   212 | D:1      | 212 ||| Stepping randomly (stuck).
   213 | D:1      | 213 ||| Stepping randomly (stuck).
   214 | D:1      | 214 ||| Stepping randomly (stuck).
   215 | D:1      | 215 ||| Stepping randomly (stuck).
   216 | D:1      | 216 ||| Stepping randomly (stuck).
   217 | D:1      | 217 ||| Stepping randomly (stuck).
   218 | D:1      | 218 ||| Stepping randomly (stuck).
   219 | D:1      | 219 ||| Stepping randomly (stuck).
   220 | D:1      | 220 ||| Stepping randomly (stuck).
   221 | D:1      | 221 ||| Stepping randomly (stuck).
   222 | D:1      | 222 ||| Stepping randomly (stuck).
   223 | D:1      | 223 ||| Stepping randomly (stuck).
   224 | D:1      | 224 ||| Stepping randomly (stuck).
   225 | D:1      | 225 ||| Stepping randomly (stuck).
   226 | D:1      | 226 ||| Stepping randomly (stuck).
   227 | D:1      | 227 ||| Stepping randomly (stuck).
   228 | D:1      | 228 ||| Stepping randomly (stuck).
   229 | D:1      | 229 ||| Stepping randomly (stuck).
   230 | D:1      | 230 ||| Stepping randomly (stuck).
   231 | D:1      | 231 ||| Stepping randomly (stuck).
   232 | D:1      | 232 ||| Stepping randomly (stuck).
   233 | D:1      | 233 ||| Stepping randomly (stuck).
   234 | D:1      | 234 ||| Stepping randomly (stuck).
   235 | D:1      | 235 ||| Stepping randomly (stuck).
   236 | D:1      | 236 ||| Stepping randomly (stuck).
   237 | D:1      | 237 ||| Stepping randomly (stuck).
   238 | D:1      | 238 ||| Stepping randomly (stuck).
   239 | D:1      | 239 ||| Stepping randomly (stuck).
   240 | D:1      | 240 ||| Stepping randomly (stuck).
   241 | D:1      | 241 ||| Stepping randomly (stuck).
   242 | D:1      | 242 ||| Stepping randomly (stuck).
   243 | D:1      | 243 ||| Stepping randomly (stuck).
   244 | D:1      | 244 ||| Stepping randomly (stuck).
   245 | D:1      | 245 ||| Stepping randomly (stuck).
   246 | D:1      | 246 ||| Stepping randomly (stuck).
   247 | D:1      | 247 ||| Stepping randomly (stuck).
   248 | D:1      | 248 ||| Stepping randomly (stuck).
   249 | D:1      | 249 ||| Stepping randomly (stuck).
   250 | D:1      | 250 ||| Stepping randomly (stuck).
   251 | D:1      | 251 ||| Stepping randomly (stuck).
   252 | D:1      | 252 ||| Stepping randomly (stuck).
   253 | D:1      | 253 ||| Stepping randomly (stuck).
   254 | D:1      | 254 ||| Stepping randomly (stuck).
   255 | D:1      | 255 ||| Stepping randomly (stuck).
   256 | D:1      | 256 ||| Stepping randomly (stuck).
   257 | D:1      | 257 ||| Stepping randomly (stuck).
   258 | D:1      | 258 ||| Stepping randomly (stuck).
   259 | D:1      | 259 ||| Stepping randomly (stuck).
   260 | D:1      | 260 ||| Stepping randomly (stuck).
   261 | D:1      | 261 ||| Stepping randomly (stuck).
   263 | D:1      | 263 ||| Stepping randomly (stuck).
   273 | D:1      | Reached XP level 2. HP: 19/19 MP: 2/2
   873 | D:1      | Found a faded altar of an unknown god.
  1107 | D:1      | 1107 ||| UPGRADING to +0 helmet.
  1112 | D:1      | 1112 ||| READING scroll labelled VEMUIQ VURHI.
  1113 | D:1      | 1113 ||| READING scroll labelled RIPTEF JUOZ.
  1114 | D:1      | 1114 ||| READING scroll labelled YVEK NICZOING.
  1317 | D:2      | Reached skill level 3 in Axes
  1325 | D:2      | Reached XP level 3. HP: 23/23 MP: 3/3
  1355 | D:2      | 1355 ||| Stepping ~*~*~tactically~*~*~ (hiding).
  1561 | D:2      | 1561 ||| Stepping ~*~*~tactically~*~*~ (stealth).
  1563 | D:2      | 1563 ||| Stepping ~*~*~tactically~*~*~ (stealth).
  1575 | D:2      | Reached XP level 4. HP: 25/28 MP: 4/4
  1739 | D:2      | Noticed Jessica
  1746 | D:2      | Killed Jessica
  1747 | D:2      | Reached skill level 4 in Axes
  2239 | D:2      | 2239 ||| DROPPING +2 hand axe of freezing.
  2459 | D:2      | 2459 ||| READING scroll labelled JYNURUNLOURGH.
  2560 | D:2      | 2560 ||| READING scroll labelled SAW YX ERPH.
  2561 | D:2      | 2561 ||| READING scroll labelled GOQAEXT LAWK.
  2562 | D:2      | 2562 ||| READING 2 scrolls labelled AHYD WAWUAM.
  2563 | D:2      | 2563 ||| DRINKING 2 fizzy red potions.
  2564 | D:2      | 2564 ||| DROPPING potion of brilliance.
  2604 | D:3      | Found a shimmering altar of Xom.
  2736 | D:3      | Found a glowing golden altar of the Shining One.
  2865 | D:3      | Reached XP level 5. HP: 32/32 MP: 5/5
  3246 | D:3      | 3246 ||| Stepping ~*~*~tactically~*~*~ (stealth).
  3286 | D:3      | 3286 ||| Stepping ~*~*~tactically~*~*~ (stealth).
  3305 | D:3      | 3305 ||| Stepping ~*~*~tactically~*~*~ (stealth).
  3309 | D:3      | 3309 ||| Stepping ~*~*~tactically~*~*~ (stealth).
  3445 | D:3      | 3445 ||| Stepping ~*~*~tactically~*~*~ (stealth).
  3451 | D:3      | Reached skill level 5 in Axes
  3642 | D:3      | 3642 ||| DROPPING +0 whip.
  3852 | D:3      | 3852 ||| UPGRADING to +0 plate armour.
  3862 | D:3      | 3862 ||| DROPPING +0 scale mail.
  3863 | D:3      | 3863 ||| DROPPING +6 ring of intelligence.
  3864 | D:3      | 3864 ||| UPGRADING to ring of positive energy.
  3865 | D:3      | 3865 ||| READING scroll labelled HOLO WUINI.
  3866 | D:3      | 3866 ||| READING 2 scrolls of identify.
  3866 | D:3      | 3866 ||| IDENTIFYING murky grey potion
  3888 | D:4      | 3888 ||| STAIRDANCE
  3895 | D:4      | 3895 ||| STAIRDANCE
  3964 | D:4      | 3964 ||| STAIRDANCE
  4008 | D:4      | 4008 ||| STAIRDANCE
  4016 | D:4      | 4016 ||| STAIRDANCE
  4050 | D:4      | 4050 ||| STAIRDANCE
  4061 | D:4      | Reached XP level 6. HP: 36/38 MP: 6/6
  4182 | D:4      | 4182 ||| Stepping ~*~*~tactically~*~*~ (hiding).
  4183 | D:4      | 4183 ||| Stepping ~*~*~tactically~*~*~ (hiding).
  4524 | D:4      | Reached skill level 6 in Axes
  4689 | D:4      | 4689 ||| UPGRADING to ring of willpower.
  4691 | D:4      | 4691 ||| READING scroll labelled ITUAKA FASCH.
  4695 | D:4      | 4695 ||| READING scroll labelled JIR JATUBI.
  4696 | D:4      | 4696 ||| READING scroll labelled KIOFRE WILEQEPP.
  4697 | D:4      | 4697 ||| READING scroll labelled WAMUXE SYKEDE.
  4697 | D:4      | Identified a scroll of acquirement
  4697 | D:4      | 4697 ||| ACQUIRING ring "Bifajuch" {rC+ rN+ EV+4 Int-3
                  | SInv}
  4697 | D:4      | Acquired the ring "Bifajuch" {rC+ rN+ EV+4 Int-3 SInv}
  4699 | D:4      | 4699 ||| UPGRADING to ring "Bifajuch" {rC+ rN+ EV+4 Int-3
                  | SInv}.
  4701 | D:4      | 4701 ||| UPGRADING to ring of protection from fire.
  4703 | D:4      | 4703 ||| READING 2 scrolls of identify.
  4703 | D:4      | 4703 ||| IDENTIFYING ruby potion
  4704 | D:4      | 4704 ||| DROPPING potion of ambrosia.
  4713 | D:5      | Entered Level 5 of the Dungeon
  4727 | D:5      | 4727 ||| STAIRDANCE
  4801 | D:5      | 4801 ||| Stepping ~*~*~tactically~*~*~ (hiding).
  4802 | D:5      | 4802 ||| Stepping ~*~*~tactically~*~*~ (hiding).
  4809 | D:5      | Reached XP level 7. HP: 24/43 MP: 7/7
  5152 | D:5      | 5152 ||| Stepping ~*~*~tactically~*~*~ (stealth).
  5216 | D:5      | Found a glowing silver altar of Zin.
  5259 | D:5      | Reached skill level 7 in Axes
  5437 | D:5      | 5437 ||| Stepping ~*~*~tactically~*~*~ (stealth).
  5476 | D:5      | 5476 ||| Stepping ~*~*~tactically~*~*~ (stealth).
  5477 | D:5      | 5477 ||| Stepping ~*~*~tactically~*~*~ (stealth).
  5500 | D:5      | Reached XP level 8. HP: 33/49 MP: 8/8
  5623 | D:5      | Reached skill level 1 in Dodging
  5789 | D:5      | Found a radiant altar of Vehumet.
  6049 | D:5      | 6049 ||| UPGRADING to +1 pair of boots.
  6054 | D:5      | 6054 ||| READING 3 scrolls labelled QISMEU QOOWYAS.
  6055 | D:5      | 6055 ||| DROPPING 2 scrolls of amnesia.
  6092 | D:6      | 6092 ||| STAIRDANCE
  6185 | D:6      | 6185 ||| Stepping ~*~*~tactically~*~*~ (hiding).
  6205 | D:6      | Reached skill level 8 in Axes
  6222 | D:6      | 6222 ||| FLEEEEING.
  6223 | D:6      | 6223 ||| FLEEEEING.
  6224 | D:6      | 6224 ||| FLEEEEING.
  6225 | D:6      | 6225 ||| STAIRDANCE
  6304 | D:6      | 6304 ||| STAIRDANCE
  6322 | D:6      | 6322 ||| STAIRDANCE
  6387 | D:6      | 6387 ||| STAIRDANCE
  6414 | D:6      | Reached skill level 6 in Fighting
  6594 | D:6      | 6594 ||| Stepping ~*~*~tactically~*~*~ (stealth).
  6614 | D:6      | Reached XP level 9. HP: 45/55 MP: 9/9
  6728 | D:6      | 6728 ||| Stepping ~*~*~tactically~*~*~ (stealth).
  6749 | D:6      | Reached skill level 9 in Axes
  6772 | D:6      | Found a staircase to the Ecumenical Temple.
  6773 | D:6      | 6773 ||| PLANNING TEMPLE
  6773 | D:6      | 6773 ||| DRINKING 2 green potions.
  6774 | D:6      | 6774 ||| READING 2 scrolls of identify.
  6774 | D:6      | 6774 ||| IDENTIFYING golden potion
  6775 | D:6      | 6775 ||| DROPPING potion of degeneration.
  6785 | Temple   | Entered the Ecumenical Temple
  6786 | Temple   | 6786 ||| PLANNING D:1-11
  6790 | Temple   | Became a worshipper of Warmaster Okawaru
  6807 | D:6      | 6807 ||| Stepping ~*~*~tactically~*~*~ (stealth).
  6812 | D:6      | 6812 ||| Stepping ~*~*~tactically~*~*~ (stealth).
  6817 | D:6      | 6817 ||| Stepping ~*~*~tactically~*~*~ (stealth).
  6847 | D:6      | 6847 ||| Stepping ~*~*~tactically~*~*~ (stealth).
  7326 | D:7      | 7326 ||| PLANNING OSSUARY
  7424 | D:7      | Reached skill level 6 in Armour
  7433 | D:7      | Noticed a komodo dragon
  7442 | D:7      | HP: 13/55 [komodo dragon (15)]
  7447 | D:7      | HP: 9/55 [komodo dragon (5)]
  7448 | D:7      | Killed a komodo dragon
  7448 | D:7      | Reached * piety under Okawaru
  7449 | D:7      | 7449 ||| Stepping ~*~*~tactically~*~*~ (stealth).
  7462 | D:7      | 7462 ||| Stepping ~*~*~tactically~*~*~ (stealth).
  7463 | D:7      | 7463 ||| INVOKING Heroism.
  7473 | D:7      | Reached skill level 1 in Invocations
  7756 | D:7      | Found Ruadd's Armour Shop.
  7783 | D:7      | Found a sparkling altar of Nemelex Xobeh.
  7788 | D:7      | 7788 ||| INVOKING Heroism.
  7871 | D:7      | 7871 ||| INVOKING Heroism.
  7872 | D:7      | 7872 ||| Stepping ~*~*~tactically~*~*~ (stealth).
  7873 | D:7      | 7873 ||| Stepping ~*~*~tactically~*~*~ (stealth).
  7890 | D:7      | Reached skill level 3 in Invocations
  7971 | D:7      | 7971 ||| INVOKING Heroism.
  7983 | D:7      | Reached XP level 10. HP: 48/63 MP: 10/13
  7987 | D:7      | Reached skill level 10 in Axes
  7989 | D:7      | 7989 ||| Stepping ~*~*~tactically~*~*~ (water).
  8001 | D:7      | 8001 ||| FLEEEEING.
  8002 | D:7      | 8002 ||| FLEEEEING.
  8003 | D:7      | 8003 ||| FLEEEEING.
  8004 | D:7      | 8004 ||| FLEEEEING.
  8005 | D:7      | 8005 ||| FLEEEEING.
  8081 | D:7      | 8081 ||| RIP OSSUARY
  8095 | D:7      | 8095 ||| PLANNING D:1-11
  8095 | D:7      | 8095 ||| INVOKING Heroism.
  8216 | D:7      | 8216 ||| READING scroll of enchant armour.
  8216 | D:7      | 8216 ||| ENCHANTING +0 helmet.
  8458 | D:7      | 8458 ||| INVOKING Heroism.
  8477 | D:7      | Noticed a two-headed ogre
  8482 | D:7      | 8482 ||| INVOKING Heroism.
  8487 | D:7      | 8487 ||| Stepping ~*~*~tactically~*~*~ (stealth).
  8493 | D:7      | Killed a two-headed ogre
  8493 | D:7      | Reached ** piety under Okawaru
  8495 | D:7      | 8495 ||| FLEEEEING.
  8496 | D:7      | 8496 ||| FLEEEEING.
  8497 | D:7      | 8497 ||| FLEEEEING.
  8502 | D:7      | 8502 ||| FLEEEEING.
  8503 | D:7      | 8503 ||| FLEEEEING.
  8504 | D:7      | 8504 ||| FLEEEEING.
  8505 | D:7      | 8505 ||| FLEEEEING.
  8506 | D:7      | 8506 ||| FLEEEEING.
  8507 | D:7      | 8507 ||| FLEEEEING.
  8508 | D:7      | 8508 ||| FLEEEEING.
  8509 | D:7      | 8509 ||| FLEEEEING.
  8510 | D:7      | 8510 ||| FLEEEEING.
  8511 | D:7      | 8511 ||| FLEEEEING.
  8512 | D:7      | 8512 ||| FLEEEEING.
  8513 | D:7      | 8513 ||| FLEEEEING.
  8519 | D:7      | 8519 ||| FLEEEEING.
  8520 | D:7      | 8520 ||| FLEEEEING.
  8531 | D:7      | 8531 ||| FLEEEEING.
  8532 | D:7      | 8532 ||| FLEEEEING.
  8533 | D:7      | 8533 ||| FLEEEEING.
  8534 | D:7      | 8534 ||| FLEEEEING.
  8536 | D:7      | 8536 ||| STAIRDANCE
  8661 | D:6      | 8661 ||| UPGRADING to +0 cloak.
  8666 | D:6      | 8666 ||| READING scroll labelled GUEPTE JEMERR.
  8667 | D:6      | 8667 ||| READING 2 scrolls of identify.
  8667 | D:6      | 8667 ||| IDENTIFYING silvery potion
  8693 | D:7      | 8693 ||| Stepping ~*~*~tactically~*~*~ (stealth).
  8817 | D:7      | 8817 ||| Stepping ~*~*~tactically~*~*~ (stealth).
  8822 | D:7      | 8822 ||| Stepping ~*~*~tactically~*~*~ (stealth).
  8829 | D:7      | 8829 ||| INVOKING Heroism.
  8990 | D:7      | 8990 ||| UPGRADING to amulet of reflection.
  8995 | D:7      | 8995 ||| DRINKING 2 sedimented red potions.
  9038 | D:8      | Noticed qw's ghost (novice GrDe)
  9038 | D:8      | Found a runed translucent gate.
  9038 | D:8      | Found a runed translucent gate.
  9038 | D:8      | Found an opulent altar of Gozag.
  9038 | D:8      | Found a runed translucent gate.
  9083 | D:8      | 9083 ||| Stepping ~*~*~tactically~*~*~ (hiding).
  9084 | D:8      | 9084 ||| INVOKING Heroism.
  9475 | D:8      | Found a staircase to the Lair.
  9491 | D:8      | Noticed a two-headed ogre
  9492 | D:8      | 9492 ||| INVOKING Heroism.
  9513 | D:8      | Killed a two-headed ogre
  9514 | D:8      | Reached skill level 11 in Axes
  9666 | D:8      | 9666 ||| INVOKING Heroism.
  9777 | D:8      | 9777 ||| INVOKING Heroism.
  9969 | D:8      | Noticed a boulder beetle
  9987 | D:8      | 9987 ||| PLANNING LAIR
  9987 | D:8      | 9987 ||| READING 3 scrolls of identify.
  9987 | D:8      | 9987 ||| IDENTIFYING lumpy red potion
 10012 | Lair:1   | Entered Level 1 of the Lair of Beasts
 10013 | Lair:1   | 10013 ||| INVOKING Heroism.
 10026 | Lair:1   | Reached XP level 11. HP: 62/69 MP: 12/14
 10028 | Lair:1   | Reached skill level 9 in Fighting
 10075 | Lair:1   | 10075 ||| Stepping ~*~*~tactically~*~*~ (stealth).
 10077 | Lair:1   | 10077 ||| Stepping ~*~*~tactically~*~*~ (stealth).
 10081 | Lair:1   | 10081 ||| Stepping ~*~*~tactically~*~*~ (stealth).
 10086 | Lair:1   | 10086 ||| Stepping ~*~*~tactically~*~*~ (stealth).
 10088 | Lair:1   | 10088 ||| INVOKING Heroism.
 10100 | Lair:1   | Reached *** piety under Okawaru
 10124 | Lair:1   | Reached **** piety under Okawaru
 10172 | Lair:1   | Noticed Urug
 10173 | Lair:1   | 10173 ||| INVOKING Heroism.
 10175 | Lair:1   | 10175 ||| Stepping ~*~*~tactically~*~*~ (stealth).
 10178 | Lair:1   | 10178 ||| Stepping ~*~*~tactically~*~*~ (stealth).
 10190 | Lair:1   | 10190 ||| INVOKING Heroism.
 10199 | Lair:1   | HP: 17/71 [Urug/+1 great sword of flaming (1)]
 10200 | Lair:1   | 10200 ||| DRINKING potion of heal wounds.
 10203 | Lair:1   | Killed Urug
 10204 | Lair:1   | Reached skill level 12 in Axes
 10205 | Lair:1   | HP: 15/71 [komodo dragon (21)]
 10273 | Lair:1   | 10273 ||| INVOKING Heroism.
 10487 | Lair:1   | 10487 ||| Stepping ~*~*~tactically~*~*~ (stealth).
 10491 | Lair:1   | 10491 ||| INVOKING Heroism.
 10512 | Lair:1   | Received a gift from Okawaru
 10557 | Lair:1   | 10557 ||| SWAPPING to +1 war axe of electrocution.
 10558 | Lair:1   | 10558 ||| DROPPING +1 war axe.
 10600 | Lair:1   | 10600 ||| INVOKING Heroism.
 10606 | Lair:1   | Reached skill level 1 in Throwing
 10826 | Lair:1   | Reached skill level 6 in Invocations
 10835 | Lair:1   | 10835 ||| Stepping ~*~*~tactically~*~*~ (stealth).
 10837 | Lair:1   | 10837 ||| INVOKING Heroism.
 10847 | Lair:1   | Reached skill level 3 in Throwing
 10851 | Lair:1   | 10851 ||| INVOKING Heroism.
 10964 | Lair:1   | 10964 ||| INVOKING Heroism.
 11117 | Lair:1   | 11117 ||| INVOKING Heroism.
 11257 | Lair:1   | 11257 ||| Stepping ~*~*~tactically~*~*~ (stealth).
 11258 | Lair:1   | 11258 ||| Stepping ~*~*~tactically~*~*~ (stealth).
 11472 | Lair:1   | 11472 ||| UPGRADING to +0 pair of gloves.
 11477 | Lair:1   | 11477 ||| READING 2 scrolls of identify.
 11477 | Lair:1   | 11477 ||| IDENTIFYING smoky grey potion
 11478 | Lair:1   | 11478 ||| DROPPING potion of flight.
 11497 | Lair:2   | 11497 ||| PLANNING GAUNTLET
 11564 | Lair:2   | 11564 ||| Stepping ~*~*~tactically~*~*~ (stealth).
 11565 | Lair:2   | 11565 ||| Stepping ~*~*~tactically~*~*~ (stealth).
 11569 | Lair:2   | 11569 ||| INVOKING Heroism.
 11581 | Lair:2   | Reached ***** piety under Okawaru
 11582 | Lair:2   | Reached skill level 9 in Armour
 11582 | Lair:2   | Reached XP level 12. HP: 76/76 MP: 15/17
 11656 | Lair:2   | 11656 ||| INVOKING Heroism.
 11712 | Lair:2   | Found a gate leading to a gauntlet.
 11712 | Lair:2   | Noticed a five-headed hydra
 11713 | Lair:2   | 11713 ||| Stepping ~*~*~tactically~*~*~ (stealth).
 11714 | Lair:2   | 11714 ||| Stepping ~*~*~tactically~*~*~ (stealth).
 11716 | Lair:2   | 11716 ||| INVOKING Heroism.
 11718 | Lair:2   | 11718 ||| SWAPPING to +0 flail.
 11719 | Lair:2   | 11719 ||| INVOKING Finesse.
 11729 | Lair:2   | Killed a five-headed hydra
 11730 | Lair:2   | 11730 ||| SWAPPING to +1 war axe of electrocution.
 11745 | Lair:2   | Received a gift from Okawaru
 11885 | Gauntlet | Entered a Gauntlet
 11885 | Gauntlet | Found a transporter.
 11885 | Gauntlet | Found a transporter.
 11886 | Gauntlet | Found a transporter.
 11887 | Gauntlet | Found a transporter.
 11890 | Gauntlet | Found a transporter.
 11890 | Gauntlet | Found a transporter.
 11896 | Gauntlet | Found a transporter.
 11899 | Gauntlet | Found a transporter.
 11899 | Gauntlet | Found a transporter.
 11901 | Gauntlet | Found a transporter.
 11901 | Gauntlet | Found a large runed translucent door.
 11902 | Gauntlet | Found a large runed translucent door.
 11903 | Gauntlet | Found a large runed translucent door.
 11903 | Gauntlet | Found a large runed translucent door.
 11903 | Gauntlet | Found a runed translucent door.
 11904 | Gauntlet | Found a large runed translucent door.
 11905 | Gauntlet | Found a large runed translucent door.
 11906 | Gauntlet | Found a large runed translucent door.
 11906 | Gauntlet | Found a large runed translucent door.
 11907 | Gauntlet | Found a runed translucent gate.
 11907 | Gauntlet | Found a runed translucent gate.
 11908 | Gauntlet | Noticed a death yak
 11908 | Gauntlet | Noticed a death yak
 11909 | Gauntlet | Found a transporter.
 11909 | Gauntlet | Noticed a death yak
 11909 | Gauntlet | Noticed a death yak
 11912 | Gauntlet | Found a transporter.
 12003 | Gauntlet | Found a large runed translucent door.
 12004 | Gauntlet | Found a large runed translucent door.
 12005 | Gauntlet | Found a large runed translucent door.
 12005 | Gauntlet | Found a large runed translucent door.
 12005 | Gauntlet | Found a runed translucent door.
 12006 | Gauntlet | Found a large runed translucent door.
 12007 | Gauntlet | Found a large runed translucent door.
 12008 | Gauntlet | Found a large runed translucent door.
 12008 | Gauntlet | Found a large runed translucent door.
 12009 | Gauntlet | Found a runed translucent gate.
 12062 | Gauntlet | 12062 ||| INVOKING Heroism.
 12188 | Gauntlet | 12188 ||| Stepping randomly (stuck).
 12207 | Gauntlet | 12207 ||| DROPPING +0 flail.
 12225 | Gauntlet | 12225 ||| INVOKING Heroism.
 12226 | Gauntlet | 12226 ||| INVOKING Finesse.
 12231 | Gauntlet | Killed a death yak
 12232 | Gauntlet | Reached skill level 6 in Shields
 12237 | Gauntlet | Killed a death yak
 12237 | Gauntlet | Received a gift from Okawaru
 12240 | Gauntlet | Killed a death yak
 12241 | Gauntlet | Reached skill level 9 in Invocations
 12246 | Gauntlet | Killed a death yak
 12355 | Gauntlet | 12355 ||| DROPPING +0 pair of gloves of stealth.
 12371 | Gauntlet | Noticed a minotaur
 12372 | Gauntlet | 12372 ||| INVOKING Heroism.
 12373 | Gauntlet | 12373 ||| INVOKING Finesse.
 12386 | Gauntlet | Killed a minotaur
 12386 | Gauntlet | Received a gift from Okawaru
 12435 | Gauntlet | 12435 ||| READING scroll of enchant weapon.
 12435 | Gauntlet | 12435 ||| ENCHANTING +1 war axe of electrocution.
 12462 | Gauntlet | 12462 ||| DROPPING ring of positive energy.
 12463 | Gauntlet | 12463 ||| DROPPING ring of willpower.
 12464 | Gauntlet | 12464 ||| UPGRADING to +4 ring of protection.
 12476 | Lair:2   | 12476 ||| PLANNING LAIR
 12552 | Lair:2   | 12552 ||| Stepping ~*~*~tactically~*~*~ (water).
 12566 | Lair:2   | 12566 ||| Stepping ~*~*~tactically~*~*~ (stealth).
 12573 | Lair:2   | 12573 ||| Stepping ~*~*~tactically~*~*~ (stealth).
 12577 | Lair:2   | 12577 ||| Stepping ~*~*~tactically~*~*~ (stealth).
 12579 | Lair:2   | 12579 ||| INVOKING Heroism.
 12636 | Lair:2   | 12636 ||| Stepping ~*~*~tactically~*~*~ (stealth).
 13039 | Lair:2   | 13039 ||| Stepping ~*~*~tactically~*~*~ (stealth).
 13058 | Lair:2   | 13058 ||| Stepping ~*~*~tactically~*~*~ (stealth).
 13123 | Lair:2   | Received a gift from Okawaru
 13193 | Lair:2   | 13193 ||| Stepping ~*~*~tactically~*~*~ (hiding).
 13244 | Lair:2   | 13244 ||| READING 3 scrolls of identify.
 13244 | Lair:2   | 13244 ||| IDENTIFYING bubbling ruby potion
 13284 | Lair:3   | Found a staircase to the Swamp.
 13322 | Lair:3   | Noticed a boulder beetle
 13323 | Lair:3   | 13323 ||| INVOKING Heroism.
 13324 | Lair:3   | 13324 ||| INVOKING Finesse.
 13335 | Lair:3   | Killed a boulder beetle
 13376 | Lair:3   | 13376 ||| Stepping ~*~*~tactically~*~*~ (stealth).
 13380 | Lair:3   | Reached skill level 13 in Axes
 13380 | Lair:3   | 13380 ||| Stepping ~*~*~tactically~*~*~ (stealth).
 13382 | Lair:3   | 13382 ||| INVOKING Heroism.
 13404 | Lair:3   | Reached XP level 13. HP: 67/82 MP: 20/20
 13509 | Lair:3   | 13509 ||| INVOKING Heroism.
 13510 | Lair:3   | 13510 ||| INVOKING Finesse.
 13665 | Lair:3   | 13665 ||| INVOKING Heroism.
 13967 | Lair:3   | 13967 ||| Stepping ~*~*~tactically~*~*~ (hiding).
 14042 | Lair:3   | 14042 ||| Stepping ~*~*~tactically~*~*~ (hiding).
 14109 | Lair:3   | Found a hole to the Spider Nest.
 14149 | Lair:3   | 14149 ||| INVOKING Heroism.
 14150 | Lair:3   | 14150 ||| INVOKING Finesse.
 14151 | Lair:3   | 14151 ||| Stepping ~*~*~tactically~*~*~ (stealth).
 14153 | Lair:3   | 14153 ||| SWAPPING to +0 morningstar.
 14160 | Lair:3   | 14160 ||| SWAPPING to +2 war axe of electrocution.
 14285 | Lair:3   | 14285 ||| INVOKING Heroism.
 14286 | Lair:3   | 14286 ||| INVOKING Finesse.
 14288 | Lair:3   | 14288 ||| SWAPPING to +0 morningstar.
 14294 | Lair:3   | 14294 ||| SWAPPING to +2 war axe of electrocution.
 14295 | Lair:3   | 14295 ||| SWAPPING to +0 morningstar.
 14307 | Lair:3   | 14307 ||| SWAPPING to +2 war axe of electrocution.
 14366 | Lair:3   | 14366 ||| INVOKING Heroism.
 14367 | Lair:3   | 14367 ||| INVOKING Finesse.
 14372 | Lair:3   | 14372 ||| SWAPPING to +0 morningstar.
 14377 | Lair:3   | 14377 ||| SWAPPING to +2 war axe of electrocution.
 14567 | Lair:3   | 14567 ||| DROPPING amulet of regeneration.
 14568 | Lair:3   | 14568 ||| READING scroll labelled TENIZU GINEO.
 14619 | Lair:4   | 14619 ||| READING scroll of enchant armour.
 14619 | Lair:4   | 14619 ||| ENCHANTING +0 pair of gloves.
 14648 | Lair:4   | 14648 ||| Stepping ~*~*~tactically~*~*~ (stealth).
 14649 | Lair:4   | 14649 ||| INVOKING Heroism.
 14661 | Lair:4   | Reached skill level 14 in Axes
 14680 | Lair:4   | Received a gift from Okawaru
 14695 | Lair:4   | 14695 ||| INVOKING Heroism.
 14888 | Lair:4   | 14888 ||| Stepping ~*~*~tactically~*~*~ (stealth).
 14912 | Lair:4   | Found a viscous altar of Jiyva.
 14913 | Lair:4   | Found a staircase to the Slime Pits.
 14926 | Lair:4   | 14926 ||| Stepping ~*~*~tactically~*~*~ (stealth).
 14929 | Lair:4   | 14929 ||| INVOKING Heroism.
 14949 | Lair:4   | Received a gift from Okawaru
 14988 | Lair:4   | 14988 ||| INVOKING Heroism.
 14989 | Lair:4   | 14989 ||| INVOKING Finesse.
 15054 | Lair:4   | Identified the +1 chain mail of Tenacity {Rampage Fly rElec
                  | rCorr}
 15197 | Lair:4   | 15197 ||| Stepping ~*~*~tactically~*~*~ (stealth).
 15201 | Lair:4   | 15201 ||| Stepping ~*~*~tactically~*~*~ (stealth).
 15298 | Lair:4   | 15298 ||| Stepping ~*~*~tactically~*~*~ (stealth).
 15302 | Lair:4   | 15302 ||| Stepping ~*~*~tactically~*~*~ (stealth).
 15303 | Lair:4   | 15303 ||| Stepping ~*~*~tactically~*~*~ (stealth).
 15304 | Lair:4   | 15304 ||| Stepping ~*~*~tactically~*~*~ (stealth).
 15307 | Lair:4   | 15307 ||| INVOKING Heroism.
 15324 | Lair:4   | Identified the +1 pair of boots of the Orb {rPois} (Okawaru
                  | gifted it to you on level 4 of the Lair of Beasts)
 15324 | Lair:4   | Received a gift from Okawaru
 15613 | Lair:4   | 15613 ||| Stepping ~*~*~tactically~*~*~ (stealth).
 15615 | Lair:4   | 15615 ||| Stepping ~*~*~tactically~*~*~ (stealth).
 15618 | Lair:4   | 15618 ||| INVOKING Heroism.
 15709 | Lair:4   | 15709 ||| UPGRADING to +1 chain mail of Tenacity {Rampage
                  | Fly rElec rCorr}.
 15719 | Lair:4   | 15719 ||| DROPPING +1 pair of boots of the Orb {rPois}.
 15720 | Lair:4   | 15720 ||| DROPPING ring of see invisible.
 15721 | Lair:4   | 15721 ||| READING scroll labelled IPORGH TEIVVESO.
 15798 | Lair:5   | Entered Level 5 of the Lair of Beasts
 15807 | Lair:5   | 15807 ||| INVOKING Heroism.
 15865 | Lair:5   | HP: 18/84 [rime drake/flash freeze (13)]
 15866 | Lair:5   | 15866 ||| READING scroll of teleportation.
 15867 | Lair:5   | 15867 ||| DRINKING 2 potions of heal wounds.
 15868 | Lair:5   | 15868 ||| INVOKING Heroism.
 15908 | Lair:5   | 15908 ||| INVOKING Heroism.
 15941 | Lair:5   | 15941 ||| INVOKING Finesse.
 15950 | Lair:5   | Gained mutation: Your large and strong wings let you fly.
                  | [Gargoyle growth]
 15950 | Lair:5   | Reached XP level 14. HP: 43/90 MP: 15/21
 15950 | Lair:5   | 15950 ||| SWAPPING to +0 morningstar.
 15952 | Lair:5   | 15952 ||| Stepping ~*~*~tactically~*~*~ (outnumbered).
 15953 | Lair:5   | 15953 ||| Stepping ~*~*~tactically~*~*~ (outnumbered).
 15954 | Lair:5   | 15954 ||| Stepping ~*~*~tactically~*~*~ (outnumbered).
 15955 | Lair:5   | 15955 ||| Stepping ~*~*~tactically~*~*~ (outnumbered).
 15956 | Lair:5   | 15956 ||| Stepping ~*~*~tactically~*~*~ (outnumbered).
 15957 | Lair:5   | 15957 ||| Stepping ~*~*~tactically~*~*~ (outnumbered).
 15960 | Lair:5   | HP: 13/90 [snapping turtle (17)]
 15961 | Lair:5   | 15961 ||| DRINKING potion of heal wounds.
 15961 | Lair:5   | HP: 4/90 [snapping turtle (10)]
 15962 | Lair:5   | 15962 ||| INVOKING Heroism.
 15962 | Lair:5   | Slain by an eight-headed hydra

Levels and vault maps discovered:
D:1:      onia_arrival_zoo_common, layout_loops_corners,
          chequers_ecumenical_altar_lobes, amcnicky_mini_pool_small,
          st_stairs_3, minmay_3d_cube
D:2:      layout_basic, nrook_campfire, dk_noncrumbling_4,
          nicolae_grassy_gnolls, uniq_jessica
D:3:      layout_loops_ring, mainiacjoe_overflow_paths, tso_metal_star
D:4:      layout_basic, hangedman_abyss_or_decor_stagger
D:5:      layout_loops_ring, lemuel_coloured_pillars_altar,
          mainiacjoe_overflow_tiny_flanked
D:6:      layout_cave_pools, minmay_temple_entry_butterflies,
          minmay_fractal_squares_5
D:7:      layout_basic, nemelex_dance_club_becter, nicolae_ossuary_entry_plus,
          serial_shops, nicolae_shop_crystal, amethyst_killhole,
          minmay_misc_feat_doors, hangedman_misty_isle
D:8:      layout_cave_pools, lair_entry_dummy, ebering_ghost_gozag,
          enter_bailey_2, minivault_21
Temple:   hellmonk_temple_micro_hex
Lair:1:   layout_roguey, nicolae_quartered_pool_super, uniq_urug
Lair:2:   layout_loops_ring, gauntlet_entry_generic,
          chequers_serial_rivers_small_a, minivault_11,
          dreamdust_gnoll_shepherd, serial_bayou_shore_a,
          infiniplex_staircase_pool
Lair:3:   layout_cave_shapes, swamp_mist_pool,
          hellmonk_spider_entry_life_and_decay, lemuel_fruit_tree
Lair:4:   layout_regular_city, slime_entry_1, kennysheep_catoblepas_arena
Lair:5:   gammafunk_lair_ancient_temple, layout_cellular_growth

Skill      XL: |  1  2  3  4  5  6  7  8  9 10 11 12 13 |
---------------+----------------------------------------+-----
Axes           | 2 3 4 5 6 7 8 9 11 12 13 14 | 14.4
Fighting       | 4 5 6 7 8 9 10 11 | 11.0
Armour         | 4 5 6 8 9 10 | 10.1
Dodging        | 1 2 |  2.2
Shields        | 4 5 6 7 |  7.0
Invocations    | 4 7 10 | 10.0
Throwing       | 3 5 |  5.7

Action                   |  1- 3 |  4- 6 |  7- 9 | 10-12 | 13-15 || total
-------------------------+-------+-------+-------+-------+-------++-------
Melee: War axe           |    69 |   204 |   312 |   537 |   272 ||  1394
       Flail             |       |       |       |    10 |       ||    10
       Morningstar       |       |       |       |       |    24 ||    24
Throw: Javelin           |       |       |       |    42 |    48 ||    90
       Boomerang         |       |       |       |       |     3 ||     3
Invok: Heroism           |       |       |     4 |    28 |    15 ||    47
       Finesse           |       |       |       |     4 |     6 ||    10
  Use: Scroll            |     3 |    11 |     2 |     7 |     4 ||    27
       Potion            |       |     1 |     1 |     2 |     2 ||     6
Armor: Scale mail        |    30 |    50 |       |       |       ||    80
       Plate armour      |       |    65 |   204 |   223 |    98 ||   590
       Chain mail        |       |       |       |       |    34 ||    34
Dodge: Dodged            |    43 |    79 |   164 |   242 |    94 ||   622
Block: Buckler           |    11 |    28 |    64 |   218 |   124 ||   445

Table legend:
 A = Non-vault XP
 B = Vault XP
 C = Vault XP percentage of total XP
 D = Non-vault monster count
 E = Vault monster count
 F = Vault count percentage of total count
                 A         B        C        D         E       F
            +---------+---------+-------+---------+---------+-------
      Total |   42429 |   11965 |  22.0 |     294 |      53 |  15.3
            +---------+---------+-------+---------+---------+-------
        D:1 |      17 |       6 |  26.1 |       9 |       4 |  30.8
        D:2 |      35 |      78 |  69.0 |      18 |       4 |  18.2
        D:3 |     174 |       0 |   0.0 |      32 |       0 |   0.0
        D:4 |     205 |       0 |   0.0 |      12 |       0 |   0.0
        D:5 |    1198 |       0 |   0.0 |      22 |       0 |   0.0
        D:6 |    1062 |     210 |  16.5 |      30 |       6 |  16.7
        D:7 |    2750 |     979 |  26.3 |      24 |       8 |  25.0
        D:8 |    2132 |       0 |   0.0 |      16 |       0 |   0.0
     Lair:1 |    8179 |     790 |   8.8 |      41 |       1 |   2.4
     Lair:2 |    5620 |     793 |  12.4 |      25 |       4 |  13.8
     Lair:3 |    9898 |    1121 |  10.2 |      23 |       5 |  17.9
     Lair:4 |    8180 |       0 |   0.0 |      34 |       0 |   0.0
     Lair:5 |    2979 |    1966 |  39.8 |       8 |       8 |  50.0
   Gauntlet |       0 |    6022 | 100.0 |       0 |      13 | 100.0
            +---------+---------+-------+---------+---------+-------
